Map: Frostline LE

Players

llllllllllll - Winner!

  • Race: Zerg Zerg
  • League: Diamond
  • Spawn Location: 1:00

莉莉崽的宝贝

  • Race: Zerg Zerg
  • League: Diamond
  • Spawn Location: 7:00

VOD

Have the link to the VOD?

Description

Time

  • Played on: April 25, 2025, 7:47 a.m.
  • Length: 3:38
Show
View Real Time Build Order
Export as new Build Order

llllllllllll Zerg - Winner!

Build Orders: Hatch First 

Get SALT Encoding   

  12  0:00  Drone  
  13  0:10  Drone  
  13  0:13  Extractor  
  13  0:16  Drone  
  15  0:35  Hatchery  
  14  0:40  Extractor  
  14  0:41  Drone  
  14  0:58  Spawning Pool  
  14  1:02  Drone  
  14  1:09  Overlord  
  14  1:44  Zergling x6, Metabolic Boost  
  17  1:47  Queen  
  17  1:52  Zergling x2  
  20  1:56  Zergling x2  
  20  2:00  Zergling x2  
  22  2:07  Zergling x2  
  23  2:14  Zergling x2  
  24  2:19  Zergling x2  
  25  2:25  Zergling x2  
  25  2:28  Zergling x2  
  27  2:30  Zergling x2  
  28  2:40  Overlord  
  28  2:42  Overlord  
  28  2:58  Zergling x4  
  28  2:59  Zergling x6  
  28  3:03  Zergling x2  
  34  3:17  Zergling x4  
  34  3:18  Zergling x2  
Show
View Real Time Build Order
Export as new Build Order

莉莉崽的宝贝 Zerg 

Build Orders: Hatch First 

Get SALT Encoding   

  12  0:02  Drone  
  13  0:09  Drone  
  13  0:14  Extractor  
  13  0:15  Drone  
  15  0:23  Overlord  
  15  0:41  Drone x2  
  17  0:45  Drone  
  18  0:54  Hatchery  
  17  0:58  Extractor  
  16  1:09  Spawning Pool  
  16  1:11  Drone  
  16  1:14  Drone  
  16  1:18  Drone  
  18  1:29  Drone  
  19  1:39  Drone  
  20  1:50  Overlord  
  20  1:55  Queen  
  22  2:06  Queen  
  22  2:07  Zergling x4  
  26  2:17  Hatchery  
  26  2:20  Drone  
  27  2:22  Drone  
  27  2:33  Drone x3  
  30  2:41  Overlord  
  30  2:48  Overlord  
  30  3:06  Zergling x4  
  30  3:07  Zergling x8  
  36  3:12  Evolution Chamber  
  36  3:15  Evolution Chamber  
  36  3:16  Evolution Chamber  
Tags
 
Add a new tag
Caveats
  • Supply blocks, unpowered buildings, or Contaminate may cause inaccurate times.
  • Supply counts are checked every 10 seconds.